NYP
WEST VIRGINIA BLACK BEARS @ BOISE HAWKS
08/11/2044
 
TOP OF THE 1ST
West Virginia Black Bears batting - Pitching for Boise Hawks : RHP Angelo Ayala
Pitching: RHP Angelo Ayala
Batting: LHB Joe Hoover 0-0: Ball
1-0: Ball
2-0: Called Strike
2-1: Ball
3-1: SINGLE (Groundball, 25, EV 69.4 MPH) (infield hit)
Batting: LHB Gregg Kellerman 0-0: Ball
Joe Hoover steals 2nd base
1-0: Foul Ball, location: 2F
1-1: Foul Ball, location: 2F
1-2: 2-RUN HOME RUN (Flyball, 89XD, EV 106.9 MPH), Distance : 399 ft
Batting: RHB John Goynes 0-0: SINGLE (Groundball, 6MD, EV 106.2 MPH)
Batting: LHB Donald Imre 0-0: Ball
1-0: SINGLE (Groundball, 4MD, EV 105.6 MPH)
John Goynes to second
Runner from 2nd tries for 3rd, SAFE, throw by CF made to third
Batting: LHB Brandon Sarni 0-0: Called Strike
0-1: Ball
1-1: Foul Ball, location: 2F
1-2: Foul Ball, location: 2F
1-2: Ball
2-2: Ball
3-2: Base on Balls
Donald Imre to second
Batting: RHB Chris Pozzi 0-0: Ball
1-0: Called Strike
1-1: Swinging Strike
1-2: Strikes out swinging
Batting: SHB Mike Corley 0-0: Ball
1-0: Fly out, F8 (Flyball, 8LM, EV 96.2 MPH)
Batting: RHB Richard Barrios 0-0: Swinging Strike
0-1: Called Strike
0-2: Ball
1-2: Ball
2-2: Strikes out swinging
Top of the 1st over - 2 runs, 4 hits, 0 errors, 3 left on base; West Virginia 2 - Boise 0
BOTTOM OF THE 1ST
Boise Hawks batting - Pitching for West Virginia Black Bears : RHP Matt Decker
Pitching: RHP Matt Decker
Batting: LHB Glenn Lowther 0-0: Called Strike
0-1: Foul Ball, location: 2F
0-2: Ground out 5-3 (Groundball, 56, EV 81.9 MPH)
Batting: RHB Eric Delgado 0-0: Ball
1-0: Called Strike
1-1: Ball
2-1: Ball
3-1: Foul Ball, location: 2F
3-2: Foul Ball, location: 2F
3-2: Strikes out looking
Batting: LHB Bill McGregor 0-0: Foul Ball, location: 2F
0-1: DOUBLE (Line Drive, 78D, EV 102.5 MPH)
Batting: RHB Henry Alvizo 0-0: Called Strike
0-1: Foul Ball, location: 2F
0-2: Ball
1-2: Ball
2-2: Ball
3-2: Fly out, F8 (Flyball, 78D, EV 95.6 MPH)
Bottom of the 1st over - 0 runs, 1 hit, 0 errors, 1 left on base; West Virginia 2 - Boise 0
TOP OF THE 2ND
West Virginia Black Bears batting - Pitching for Boise Hawks : RHP Angelo Ayala
Batting: RHB Steve Dennis 0-0: Ball
1-0: Swinging Strike
1-1: Ball
2-1: Called Strike
2-2: Ground out U3 (Groundball, 34S, EV 83.8 MPH)
Batting: LHB Joe Hoover 0-0: Ball
1-0: Swinging Strike
1-1: Ball
2-1: Ground out 3-1 (Groundball, 34, EV 80.6 MPH)
Batting: LHB Gregg Kellerman 0-0: Called Strike
0-1: SINGLE (Groundball, 34D, EV 98.1 MPH)
Batting: RHB John Goynes 0-0: Called Strike
0-1: Ball
1-1: Foul Ball, location: 2F
1-2: Foul Ball, location: 2F
1-2: SINGLE (Groundball, 56D, EV 100.6 MPH)
Gregg Kellerman to second
Batting: LHB Donald Imre 0-0: Fly out, F8 (Line Drive, 8LM, EV 95.0 MPH)
Top of the 2nd over - 0 runs, 2 hits, 0 errors, 2 left on base; West Virginia 2 - Boise 0
BOTTOM OF THE 2ND
Boise Hawks batting - Pitching for West Virginia Black Bears : RHP Matt Decker
Batting: LHB Brian Levensailor 0-0: Called Strike
0-1: Ball
1-1: Ball
2-1: Foul Ball, location: 2F
2-2: Ground out 5-3 (Groundball, 56S, EV 85.6 MPH)
Batting: RHB Elias Urbina 0-0: Ball
1-0: Ball
2-0: Called Strike
2-1: Foul Ball, location: 2F
2-2: Ball
3-2: Fly out, F8 (Flyball, 89XD, EV 95.6 MPH)
Batting: RHB Chris Tatum 0-0: Called Strike
0-1: Ball
1-1: Ball
2-1: Ball
3-1: Ground out 6-3 (Groundball, 6, EV 77.5 MPH)
Bottom of the 2nd over - 0 runs, 0 hits, 0 errors, 0 left on base; West Virginia 2 - Boise 0
TOP OF THE 3RD
West Virginia Black Bears batting - Pitching for Boise Hawks : RHP Angelo Ayala
Batting: LHB Brandon Sarni 0-0: Ball
1-0: Ball
2-0: Called Strike
2-1: SINGLE (Groundball, 6S, EV 63.1 MPH) (infield hit)
Batting: RHB Chris Pozzi 0-0: Called Strike
0-1: Foul Ball, location: 2F
0-2: Foul Ball, location: 2F
0-2: Ball
1-2: Fly out, F8 (Flyball, 8LS, EV 91.2 MPH)
Batting: SHB Mike Corley 0-0: Foul Ball, location: 2F
0-1: Ball
1-1: Fly out, F5 (Popup, 5, EV 70.0 MPH)
Batting: RHB Richard Barrios 0-0: Ball
1-0: Ball
2-0: Called Strike
2-1: Ball
3-1: Fly out, F5 (Popup, 6S, EV 78.8 MPH)
Top of the 3rd over - 0 runs, 1 hit, 0 errors, 1 left on base; West Virginia 2 - Boise 0
BOTTOM OF THE 3RD
Boise Hawks batting - Pitching for West Virginia Black Bears : RHP Matt Decker
Batting: LHB Zane Kelton 0-0: Swinging Strike
0-1: Ground out 6-3 (Groundball, 6, EV 105.6 MPH)
Batting: SHB Jamie Locke 0-0: Foul Ball, location: 2F
0-1: Ball
1-1: Ball
2-1: Ground out 5-3 (Groundball, 6, EV 108.1 MPH)
Batting: LHB Glenn Lowther 0-0: Called Strike
0-1: Ground out 5-3 (Groundball, 56, EV 105.0 MPH)
Bottom of the 3rd over - 0 runs, 0 hits, 0 errors, 0 left on base; West Virginia 2 - Boise 0
TOP OF THE 4TH
West Virginia Black Bears batting - Pitching for Boise Hawks : RHP Angelo Ayala
Batting: RHB Steve Dennis 0-0: SINGLE (Groundball, 4D, EV 94.4 MPH)
Batting: LHB Joe Hoover 0-0: Ball
1-0: Ball
2-0: Ball
3-0: Base on Balls
Steve Dennis to second
Batting: LHB Gregg Kellerman 0-0: Swinging Strike
0-1: Ball
1-1: Called Strike
1-2: Foul Ball, location: 2F
1-2: Ball
2-2: Strikes out swinging
Batting: RHB John Goynes 0-0: Ball
1-0: Called Strike
1-1: Foul Ball, location: 2F
1-2: Ball
2-2: Ball
3-2: Foul Ball, location: 2F
3-2: DOUBLE (Flyball, 89D, EV 108.1 MPH)
Steve Dennis scores
Joe Hoover to third
Runner from 3rd tries for Home, SAFE, throw by CF to trailing runner, OUT at third! 8-3-5
Batting: LHB Donald Imre 0-0: Ball
1-0: Ball
2-0: Foul Ball, location: 2F
2-1: Ball
3-1: Base on Balls
Batting: LHB Brandon Sarni 0-0: Foul Ball, location: 2F
0-1: Ball
1-1: Ball
2-1: Ball
3-1: Swinging Strike
3-2: Base on Balls
Donald Imre to second
Pitching: RHP Jim Butler
Batting: RHB Chris Pozzi 0-0: Swinging Strike
0-1: Ball
1-1: Ground out 5-3 (Groundball, 56S, EV 88.1 MPH)
Top of the 4th over - 2 runs, 2 hits, 0 errors, 2 left on base; West Virginia 4 - Boise 0
BOTTOM OF THE 4TH
Boise Hawks batting - Pitching for West Virginia Black Bears : RHP Matt Decker
Batting: RHB Eric Delgado 0-0: Ball
1-0: Ball
2-0: Foul Ball, location: 2F
2-1: Foul Ball, location: 2F
2-2: Ball
3-2: Base on Balls
Batting: LHB Bill McGregor 0-0: Ball
1-0: Ball
2-0: Foul Ball, location: 2F
2-1: Foul Ball, location: 2F
2-2: Strikes out looking
Batting: RHB Henry Alvizo 0-0: Called Strike
0-1: Swinging Strike
0-2: Ball
1-2: Fly out, F8 (Line Drive, 8LM, EV 105.0 MPH)
Batting: LHB Brian Levensailor 0-0: Ball
Eric Delgado steals 2nd base
1-0: Ball
2-0: Ball
3-0: SINGLE (Line Drive, 4MD, EV 96.9 MPH)
Eric Delgado to third
Runner from 3rd tries for Home, SAFE, throw by CF to home
Batting: RHB Elias Urbina 0-0: Ball
1-0: Swinging Strike
1-1: Called Strike
Brian Levensailor is caught stealing 2nd base 2-4
Bottom of the 4th over - 1 run, 1 hit, 0 errors, 0 left on base; West Virginia 4 - Boise 1
TOP OF THE 5TH
West Virginia Black Bears batting - Pitching for Boise Hawks : RHP Jim Butler
Batting: SHB Mike Corley 0-0: Ground out 4-3 (Groundball, 4S, EV 90.0 MPH)
Batting: RHB Richard Barrios 0-0: Ball
1-0: Ball
2-0: Ball
3-0: Called Strike
3-1: Called Strike
3-2: Base on Balls
Batting: RHB Steve Dennis 0-0: Ball
Richard Barrios steals 2nd base
1-0: Ball
Passed Ball!
Richard Barrios to third
2-0: Foul Ball, location: 2F
2-1: Foul Ball, location: 2F
2-2: Strikes out swinging passed ball, reaches first!
Richard Barrios scores
Batting: LHB Joe Hoover 0-0: Called Strike
0-1: Foul Ball, location: 2F
0-2: Ball
1-2: Strikes out looking
Batting: LHB Gregg Kellerman 0-0: Foul Ball, location: 2F
0-1: Ball
1-1: Ground out 3-1 (Groundball, 34, EV 84.4 MPH)
Top of the 5th over - 1 run, 0 hits, 0 errors, 1 left on base; West Virginia 5 - Boise 1
BOTTOM OF THE 5TH
Boise Hawks batting - Pitching for West Virginia Black Bears : RHP Matt Decker
Batting: RHB Elias Urbina 0-0: Foul Ball, location: 2F
0-1: Ground out 6-3 (Groundball, 6, EV 87.5 MPH)
Batting: RHB Chris Tatum 0-0: Called Strike
0-1: Foul Ball, location: 2F
0-2: Ball
1-2: Ground out 1-3 (Groundball, 15S, EV 70.0 MPH)
Batting: LHB Zane Kelton 0-0: Foul Ball, location: 2F
0-1: Swinging Strike
0-2: Strikes out swinging
Bottom of the 5th over - 0 runs, 0 hits, 0 errors, 0 left on base; West Virginia 5 - Boise 1
TOP OF THE 6TH
West Virginia Black Bears batting - Pitching for Boise Hawks : RHP Jim Butler
Batting: RHB John Goynes 0-0: Ball
1-0: Foul Ball, location: 2F
1-1: Ball
2-1: Ball
3-1: Base on Balls
Batting: LHB Donald Imre 0-0: Ball
1-0: Called Strike
1-1: Foul Ball, location: 2F
1-2: SINGLE (Line Drive, 9S, EV 101.2 MPH)
John Goynes to second
Batting: LHB Brandon Sarni 0-0: Called Strike
0-1: Swinging Strike
0-2: 3-RUN HOME RUN (Flyball, 89XD, EV 105.6 MPH), Distance : 413 ft
Batting: RHB Chris Pozzi 0-0: Ball
1-0: Ball
2-0: Ball
3-0: Called Strike
3-1: Called Strike
3-2: SINGLE (Groundball, 56D, EV 110.6 MPH)
Pitching: LHP Juan Vargas
Batting: SHB Mike Corley 0-0: Called Strike
0-1: Ball
1-1: Called Strike
1-2: Ball
2-2: Strikes out swinging
Batting: RHB Richard Barrios 0-0: Ball
Pickoff Throw to First - Out! 1-3
1-0: Ground out 5-3 (Groundball, 56, EV 105.0 MPH)
Top of the 6th over - 3 runs, 3 hits, 0 errors, 0 left on base; West Virginia 8 - Boise 1
BOTTOM OF THE 6TH
Boise Hawks batting - Pitching for West Virginia Black Bears : RHP Matt Decker
Batting: SHB Jamie Locke 0-0: Ball
1-0: Ground out 4-3 (Groundball, 4, EV 88.8 MPH)
Batting: LHB Glenn Lowther 0-0: Swinging Strike
0-1: Called Strike
0-2: Ground out 5-3 (Groundball, 5, EV 108.1 MPH)
Batting: RHB Eric Delgado 0-0: Called Strike
0-1: Fly out, F8 (Flyball, 8LM, EV 84.4 MPH)
Bottom of the 6th over - 0 runs, 0 hits, 0 errors, 0 left on base; West Virginia 8 - Boise 1
TOP OF THE 7TH
West Virginia Black Bears batting - Pitching for Boise Hawks : LHP Juan Vargas
Pinch Hitting: LHB Pat Baker 0-0: Foul Ball, location: 2F
0-1: Ball
1-1: Ball
2-1: Ball
3-1: Foul Ball, location: 2F
3-2: Foul Ball, location: 2F
3-2: Foul Ball, location: 2F
3-2: Strikes out swinging
Batting: LHB Joe Hoover 0-0: Ball
1-0: Called Strike
1-1: Ball
2-1: Swinging Strike
2-2: Fly out, F8 (Line Drive, 8LM, EV 86.9 MPH)
Pinch Hitting: RHB Tim Brereton 0-0: Called Strike
0-1: Foul Ball, location: 2F
0-2: Ball
1-2: Ball
2-2: Ground out 3-1 (Groundball, 34S, EV 69.4 MPH)
Top of the 7th over - 0 runs, 0 hits, 0 errors, 0 left on base; West Virginia 8 - Boise 1
BOTTOM OF THE 7TH
Boise Hawks batting - Pitching for West Virginia Black Bears : RHP Matt Decker
Now at 1B: Tim Brereton
Now in RF: Pat Baker
Batting: LHB Bill McGregor 0-0: Called Strike
0-1: Ball
1-1: Ball
2-1: Ball
3-1: Foul Ball, location: 2F
3-2: Foul Ball, location: 2F
3-2: Base on Balls
Pitching: RHP Xavier Stovall
Batting: RHB Henry Alvizo 0-0: Ball
1-0: Ball
2-0: Ball
3-0: Called Strike
3-1: Base on Balls
Bill McGregor to second
Batting: LHB Brian Levensailor 0-0: Fly out, F8 (Line Drive, 8RD, EV 91.9 MPH)
Batting: RHB Elias Urbina 0-0: Grounds into double play, 3-6-1 (Groundball, 34, EV 101.9 MPH)
Bottom of the 7th over - 0 runs, 0 hits, 0 errors, 1 left on base; West Virginia 8 - Boise 1
TOP OF THE 8TH
West Virginia Black Bears batting - Pitching for Boise Hawks : LHP Juan Vargas
Batting: RHB John Goynes 0-0: Ball
1-0: Called Strike
1-1: Ball
2-1: Ball
3-1: Base on Balls
Pitching: RHP Tye Dickinson
Batting: LHB Donald Imre 0-0: Called Strike
0-1: Ball
1-1: Foul Ball, location: 2F
1-2: SINGLE (Flyball, 4D, EV 91.9 MPH)
John Goynes to second
Batting: LHB Brandon Sarni 0-0: Foul Ball, location: 2F
0-1: Ball
1-1: Ball
2-1: Ball
3-1: Base on Balls
John Goynes to third
Donald Imre to second
Batting: RHB Chris Pozzi 0-0: Ball
1-0: Fielders Choice at 2nd, 4-6 (Groundball, 4, EV 81.2 MPH)
John Goynes scores
Donald Imre to third
Batting: SHB Mike Corley 0-0: Fly out, F8 (Line Drive, 8LM, EV 100.6 MPH)
Batting: RHB Richard Barrios 0-0: Ball
Wild Pitch!
Donald Imre scores
Chris Pozzi to second
1-0: Ball
2-0: Ball
3-0: Called Strike
3-1: Reached on error, E5 (Groundball, 56, EV 84.4 MPH)
Chris Pozzi to third
Batting: LHB Pat Baker Pickoff Throw to First - Out! 1-3
Top of the 8th over - 2 runs, 1 hit, 1 error, 1 left on base; West Virginia 10 - Boise 1
BOTTOM OF THE 8TH
Boise Hawks batting - Pitching for West Virginia Black Bears : RHP Xavier Stovall
Batting: RHB Chris Tatum 0-0: Called Strike
0-1: Called Strike
0-2: Fly out, F8 (Line Drive, 8LM, EV 99.4 MPH)
Batting: LHB Zane Kelton 0-0: Ball
1-0: Foul Ball, location: 2F
1-1: Ball
2-1: Foul Ball, location: 2F
2-2: Foul Ball, location: 2F
2-2: Strikes out looking
Batting: SHB Jamie Locke 0-0: Called Strike
0-1: Called Strike
0-2: Foul Ball, location: 2F
0-2: Ball
1-2: Strikes out swinging
Bottom of the 8th over - 0 runs, 0 hits, 0 errors, 0 left on base; West Virginia 10 - Boise 1
TOP OF THE 9TH
West Virginia Black Bears batting - Pitching for Boise Hawks : RHP Tye Dickinson
Pitching: RHP Mitch Guerrero
Batting: LHB Pat Baker 0-0: Ball
1-0: Called Strike
1-1: Ground out 4-3 (Groundball, 4, EV 86.9 MPH)
Batting: LHB Joe Hoover 0-0: Called Strike
0-1: Foul Ball, location: 2F
0-2: Foul Ball, location: 2F
0-2: Strikes out looking
Batting: RHB Tim Brereton 0-0: Ball
1-0: SINGLE (Groundball, 6D, EV 100.6 MPH)
Batting: RHB John Goynes 0-0: Foul Ball, location: 2F
0-1: Ball
1-1: Foul Ball, location: 2F
1-2: SINGLE (Flyball, 8RS, EV 98.1 MPH)
Tim Brereton to second
Batting: LHB Donald Imre 0-0: Fly out, F9 (Flyball, 9S, EV 78.1 MPH)
Top of the 9th over - 0 runs, 2 hits, 0 errors, 2 left on base; West Virginia 10 - Boise 1
BOTTOM OF THE 9TH
Boise Hawks batting - Pitching for West Virginia Black Bears : RHP Xavier Stovall
Batting: LHB Glenn Lowther 0-0: Swinging Strike
0-1: Ground out 6-3 (Groundball, 6, EV 77.5 MPH)
Batting: RHB Eric Delgado 0-0: Ball
1-0: Foul Ball, location: 2F
1-1: Swinging Strike
1-2: Strikes out swinging
Batting: LHB Bill McGregor 0-0: Ball
1-0: Ball
2-0: Ball
3-0: Base on Balls
Batting: RHB Henry Alvizo 0-0: Foul Ball, location: 2F
0-1: Ball
1-1: Ball
2-1: Ball
3-1: Called Strike
3-2: Strikes out swinging
Bottom of the 9th over - 0 runs, 0 hits, 0 errors, 1 left on base; West Virginia 10 - Boise 1
Thursday, March 31st , 2022 - OOTP Baseball 22.12 Build 89